 Dungeon Crawl Stone Soup version 0.21.0-22-g11d5b52 (webtiles) character file.

311 Monsterracer the Skirmisher (level 6, -5/42 HPs)
             Began as a Gargoyle Summoner on Jan 18, 2018.
             Killed from afar by an orc wizard (14 damage)
             ... with a puff of frost
             ... on level 3 of the Dungeon.
             The game lasted 00:04:16 (3275 turns).

Monsterracer the Skirmisher (Gargoyle Summoner)     Turns: 3275, Time: 00:04:17

Health: -5/42      AC: 11    Str: 14    XL:     6   Next: 42%
Magic:  9/9        EV: 11    Int: 15    God:
Gold:   65         SH:  0    Dex: 14    Spells: 5/9 levels left

rFire    . . .     SeeInvis .   a - +2 dagger (venom)
rCold    . . .     Gourm    .   (no shield)
rNeg     + . .     Faith    .   u - +0 ring mail
rPois    ∞         Spirit   .   (no helmet)
rElec    +         Reflect  .   (no cloak)
rCorr    .         Harm     .   x - +1 pair of gloves
MR       .....                  (no boots)
Stlth    +.........             (no amulet)
HPRegen  0.14/turn              f - +4 ring of dexterity
MPRegen  0.11/turn              (no ring)

@: no status effects
A: negative energy resistance 1, electricity resistance, unbreathing,
petrification resistance, rot immunity, AC +4
a: no special abilities


You were on level 3 of the Dungeon.
You were not hungry.

You visited 1 branch of the dungeon, and saw 4 of its levels.
You also visited: Sewer.

You collected 65 gold pieces.

Inventory:

Hand Weapons
 a - a +2 dagger of venom (weapon)
 b - a +0 hunting sling
Missiles
 j - 100 stones (quivered)
Armour
 u - a +0 ring mail (worn)
 x - a +1 pair of gloves (worn)
Jewellery
 f - a +4 ring of dexterity (left hand)
Wands
 d - a wand of clouds (4)
Scrolls
 e - a scroll of fear {unknown}
 g - 3 scrolls of immolation {unknown}
 i - 3 scrolls of amnesia {unknown}
 k - 4 scrolls of identify {unknown}
 l - 2 scrolls of teleportation {unknown}
 m - 2 scrolls of enchant armour {unknown}
 p - a scroll of enchant weapon {unknown}
 t - a scroll of magic mapping {unknown}
Potions
 h - a potion of might {unknown}
 n - 4 potions of flight {unknown}
 q - 4 potions of curing {unknown}
 r - a potion of brilliance {unknown}
 s - a potion of degeneration {unknown}
 v - 2 potions of cancellation {unknown}
 z - 3 potions of heal wounds {unknown}
Books
 o - a book of Callings

   Spells                             Type                      Level
   a - Summon Small Mammal            Summoning                    1
   b - Call Imp                       Summoning                    2
   c - Call Canine Familiar           Summoning                    3
   d - Summon Guardian Golem          Hexes/Summoning              3
   e - Summon Lightning Spire         Summoning/Air                4
   f - Summon Ice Beast               Ice/Summoning                4
 w - a book of Cantrips

   Spells                             Type                      Level
   a - Confusing Touch                Hexes                        1
   b - Animate Skeleton               Necromancy                   1
   c - Summon Small Mammal            Summoning                    1
   d - Apportation                    Translocation                1
Comestibles
 c - 9 rations


   Skills:
 * Level 6.8 Fighting
 - Level 1.5 Dodging
 - Level 2.1 Stealth
 - Level 2.0 Spellcasting
 - Level 3.6 Summonings


You had 5 spell levels left.
You knew the following spells:

 Your Spells              Type           Power        Failure   Level  Hunger
a - Summon Small Mammal   Summ           ##..         11%         1    #......
b - Call Imp              Summ           ##......     16%         2    ###....
z - Apportation           Tloc           #.....       41%         1    #......


Dungeon Overview and Level Annotations

Branches:
Dungeon (4/15)
 Temple: D:4-7

Altars:
Dithmenos
Hepliaklqana
Nemelex Xobeh


Innate Abilities, Weirdness & Mutations

You are resistant to torment.
Your stone body is resilient. (AC +4)
You are immune to poison.
You resist negative energy. (rN+)
You are resistant to electric shocks. (rElec)
You can survive without breathing.
You are immune to petrification.
You are immune to rotting.


Message History

Moving in this stuff is going to be slow.
Found a stone staircase leading down.
No target in view!
q - 4 emerald potions (gained 2) Key pressed, stopping explore.
No target in view!
Key pressed, stopping explore.
No target in view!
No target in view!
z - 3 metallic cyan potions (gained 2)
You are near starving!
A dart slug comes into view.
A dart slug is nearby!
The dart slug launches a dart at you. The slug dart hits you!
A dart slug is nearby!
A dart slug is nearby!
You hit the dart slug but do no damage.
The dart slug is poisoned.
The dart slug bites you but does no damage.
You hit the dart slug.
The dart slug looks as sick as possible!
The dart slug is severely wounded.
You kill the dart slug!
No target in view!
You butcher the dart slug corpse.
A - 2 chunks of flesh Eating one of 2 chunks of flesh.
You eat one of the 2 chunks of flesh.
This raw flesh tastes terrible.
You are feeling hungry.
Eating a chunk of flesh.
You eat the chunk of flesh.
This raw flesh tastes terrible.
Key pressed, stopping explore.
No target in view!
No target in view!
c - 7 rations (gained 1)
j - 100 stones (gained 11)
c - 8 rations (gained 1)
c - 9 rations (gained 1) Done exploring.
Done exploring.
No target in view!
Done exploring.
No target in view!
There is a stone staircase leading down here.
You climb downwards.
An orc warrior comes into view. It is wielding a short sword.
The orc warrior shouts!
There is a stone staircase leading up here.
Okay, then.
An orc comes into view. It is wielding a dagger.
The orc shouts!
You hear a shout!
The orc warrior throws a tomahawk.
The tomahawk completely misses you.
An orc wizard comes into view. It is wielding a dagger.
The orc warrior moves out of view.
Found 13 gold pieces.
The orc wizard shouts!
You hear a shout!
Found 38 stones and 9 gold pieces.
An orc comes into view. It is wielding a short sword.
The orc shouts!
The orc warrior throws a tomahawk.
The tomahawk hits you!
The orc moves out of view.
You take 11 damage, and have 31/42 hp.
MASSIVE DAMAGE!!
The orc warrior throws a tomahawk.
The tomahawk misses you.
An orc comes into view. It is wielding a short sword.
You closely miss the orc wizard.
The orc wizard hits you but does no damage.
The orc warrior barely misses you.
You completely miss the orc warrior.
The orc warrior hits you with a short sword!
* * * LOW HITPOINT WARNING * * *
The orc wizard closely misses you.
You take 10 damage, and have 21/42 hp.
MASSIVE DAMAGE!!
The orc warrior throws a tomahawk.
The tomahawk hits you!
* * * LOW HITPOINT WARNING * * *
You see here a tomahawk.
You take 13 damage, and have 8/42 hp.
MASSIVE DAMAGE!!
The orc warrior throws a tomahawk.
The tomahawk barely misses you.
There is a stone staircase leading up here.
The orc wizard barely misses you.
The orc warrior throws a tomahawk.
The tomahawk barely misses you.
You climb upwards.
There is a stone staircase leading down here.
You hit the orc wizard but do no damage.
The orc wizard is poisoned.
The orc wizard barely misses you.
You barely miss the orc wizard.
The orc wizard is moderately wounded.
The orc wizard looks braver for a moment.
You hit the orc wizard.
The orc wizard looks as sick as possible!
The orc wizard is moderately wounded.
The orc wizard miscasts a cantrip.
You closely miss the orc wizard.
The orc wizard is severely wounded.
The orc wizard barely misses you.
You hit the orc wizard.
The orc wizard looks as sick as possible!
The orc wizard is almost dead.
The orc wizard gestures at you while chanting.
The puff of frost hits you!
You die...

.....÷##..<.........#
.............#.#.####
....###......#.#.#
#...# ##.....#...#
#...# ##....##..#
##### #....##..#
###...#..## #
###.....## #
###.@..##### #
#.o#.....# #........#
###......# ###....#
######


You could see an orc wizard.

Vanquished Creatures
  A big kobold (Sewer)
  A bullfrog (D:3)
  A jelly (D:3)
  Natasha (D:2)
  3 adders
  2 river rats (Sewer)
  2 oozes
  A worm (D:2)
  A dart slug (D:3)
  5 leopard geckos (D:3)
  2 ball pythons
  6 giant cockroaches
  6 hobgoblins
  A jackal (Sewer)
  7 kobolds
  A quokka (D:2)
  9 bats
  2 frilled lizards
  5 goblins
  7 rats
64 creatures vanquished.

Vanquished Creatures (collateral kills)
  A worm (D:2)
1 creature vanquished.

Grand Total: 65 creatures vanquished

Notes
Turn   | Place    | Note
-------+----------+-------------------------------------------
     0 | D:1      | Monsterracer the Gargoyle Summoner began the quest for the Orb.
     0 | D:1      | Reached XP level 1. HP: 10/10 MP: 3/3
   444 | D:1      | Reached skill level 1 in Fighting
   459 | D:1      | Found a hazy altar of Hepliaklqana.
   463 | D:1      | Reached XP level 2. HP: 17/17 MP: 5/5
   676 | D:1      | Reached skill level 2 in Fighting
   965 | D:2      | Learned a level 2 spell: Call Imp
  1274 | D:2      | Reached skill level 3 in Fighting
  1274 | D:2      | Reached XP level 3. HP: 16/23 MP: 6/6
  1373 | D:2      | Found a sparkling altar of Nemelex Xobeh.
  1390 | D:2      | Noticed Natasha
  1410 | D:2      | Killed Natasha
  1415 | D:2      | Reached XP level 4. HP: 26/29 MP: 7/7
  1418 | D:2      | HP: 14/29 [worm (1)]
  1600 | D:2      | Found a shadowy altar of Dithmenos.
  1610 | D:2      | Reached skill level 4 in Fighting
  2422 | D:3      | Reached XP level 5. HP: 28/34 MP: 8/8
  2451 | D:3      | Reached skill level 5 in Fighting
  2573 | D:3      | Learned a level 1 spell: Apportation
  2709 | D:3      | Found a glowing drain.
  2714 | D:3      | Reached skill level 6 in Fighting
  2729 | Sewer    | Entered a sewer
  2740 | Sewer    | Reached XP level 6. HP: 40/41 MP: 9/9
  2918 | Sewer    | Found a white marble altar of Elyvilon.
  3255 | D:4      | Noticed an orc warrior
  3263 | D:4      | HP: 21/42 [orc warrior/short sword (10)]
  3264 | D:4      | HP: 8/42 [orc warrior/tomahawk (14)]
  3275 | D:3      | Killed from afar by an orc wizard

Skill      XL: |  1  2  3  4  5 |
---------------+----------------+-----
Fighting       | 1 3 4 6 |  6.8
Dodging        | |  1.5
Stealth        | |  2.1
Spellcasting   | |  2.0
Summonings     | |  3.6

Action                   |  1- 3 |  4- 6 || total
-------------------------+-------+-------++-------
Melee: Unarmed           |    56 |       ||    56
       Dagger            |    25 |   156 ||   181
 Fire: Hunting sling     |    24 |       ||    24
 Cast: Summon Small Mamm |     1 |       ||     1
       Call Imp          |     1 |       ||     1
 Stab: Sleeping          |     2 |     3 ||     5
  Eat: Chunk             |     2 |     6 ||     8
Armor: Robe              |    40 |    29 ||    69
       Ring mail         |       |    42 ||    42
Dodge: Dodged            |    81 |    94 ||   175

Vault maps used:
D:1:      dpeg_arrival_orchard, solitary_fountain, kennysheep_flooded_box
D:2:      old_standard_altar, nemelex_xobeh_ov_fountains_minmay, uniq_natasha
D:3:      first_ration, gup_sewer_entry_pipe
D:4:      gammafunk_cloud_chamber, serial_shops, nicolae_shop_statue_plus,
          guppyfry_early_orc_mine, uniq_edmund, uniq_ijyb
Sewer:    sewer_kobolds
